 Dungeon Crawl Stone Soup version 0.29-a0-359-g541a27f54d (webtiles) character file.

Game seed: 3396410609567650785

46513 kevlar127 the Grappler (level 14, -12/148 HPs)
             Began as a Troll Berserker on Apr 27, 2022.
             Was an Elder of Trog.
             Mangled by a death yak (16 damage)
             ... on level 5 of the Lair of Beasts.
             The game lasted 02:05:47 (25404 turns).

kevlar127 the Grappler (Troll Berserker)           Turns: 25404, Time: 02:05:48

Health: -12/148    AC: 10    Str: 32    XL:     14   Next: 5%
Magic:  13/13      EV: 12    Int:  3    God:    Trog [****..]
Gold:   1227       SH:  0    Dex: 15    Spells: 13/13 levels left

rFire   . . .      SeeInvis .     - Unarmed
rCold   . . .      Faith    .   (no shield)
rNeg    . . .      Spirit   .   p - +1 robe of Paranoia {Dex+6}
rPois   .          Reflect  .   (helmet restricted)
rElec   .          Harm     .   J - +0 cloak
rCorr   .          Rampage  .   (gloves unavailable)
Will    ++++.                   (boots unavailable)
Stlth   +.........              C - amulet of the acrobat
HPRegen 2.14/turn               q - +4 ring of protection
MPRegen 0.13/turn               N - ring of willpower

@: strong-willed (expiring), on berserk cooldown, regenerating (expiring),
slowed, very slow
A: large, unfitting armour, claws 3, regeneration 1, shaggy fur 1, tough skin 1
a: Renounce Religion, Berserk, Trog's Hand, Brothers in Arms


You were on level 5 of the Lair of Beasts.
You worshipped Trog.
Trog was greatly pleased with you.
You visited 4 branches of the dungeon, and saw 19 of its levels.
You also visited: Bailey.

You collected 1419 gold pieces.
You spent 192 gold pieces at shops.

Inventory:

Missiles
 f - 2 silver javelins
 l - 3 large rocks
 v - a boomerang of dispersal
 x - 43 poisoned darts
 B - 9 curare-tipped darts
 P - 9 javelins (quivered)
 T - 2 throwing nets
Armour
 p - the +1 robe of Paranoia (worn) {Dex+6}
   (You found it on level 2 of the Dungeon)

   Dex:       It affects your dexterity (+6).
 J - a +0 cloak (worn)
 X - a scarf of harm
Jewellery
 q - a +4 ring of protection (left claw)
 C - an amulet of the acrobat (around neck)
 N - a ring of willpower (right claw)
 S - a ring of magical power
Wands
 s - a wand of acid (7)
 y - a wand of mindburst (10)
 L - a wand of flame (25)
 Q - a wand of digging (10)
 R - a wand of polymorph (13)
Scrolls
 a - 5 scrolls of noise
 c - 3 scrolls of blinking {unknown}
 d - 12 scrolls of teleportation
 e - 2 scrolls of enchant armour {unknown}
 j - 3 scrolls of amnesia {unknown}
 n - 5 scrolls of magic mapping
 o - 2 scrolls of brand weapon {unknown}
 r - 8 scrolls of enchant weapon {unknown}
 A - 4 scrolls of vulnerability
 E - 3 scrolls of immolation
 H - 4 scrolls of fog
 M - 2 scrolls of torment
 O - 4 scrolls of silence
Potions
 b - 2 potions of berserk rage {unknown}
 g - 4 potions of attraction
 h - 13 potions of curing
 i - 5 potions of heal wounds
 k - 4 potions of lignification
 m - 5 potions of might
 t - 3 potions of mutation
 u - a potion of magic {unknown}
 w - 2 potions of cancellation {unknown}
 D - 3 potions of brilliance {unknown}
 F - 2 potions of resistance
 G - 3 potions of invisibility
 K - a potion of ambrosia {unknown}
 V - 5 potions of haste
Miscellaneous
 U - a phial of floods


   Skills:
 + Level 11.8 Fighting
 + Level 11.1 Throwing
 - Level 3.0 Armour
 - Level 6.0 Dodging
 + Level 13.9 Unarmed Combat
 + Level 5.4 Evocations


You had 13 spell levels left.
You didn't know any spells.
Your spell library was empty.

Dungeon Overview and Level Annotations

Branches:
Dungeon (10/15)            Temple (1/1) D:6            Lair (6/6) D:8
  Swamp (0/4) Lair:3        Snake (0/4) Lair:4        Slime (0/5) Lair:6
    Orc (2/2) D:9             Elf (0/3) Orc:2        Bailey (visited)

Altars:
Ashenzari
Cheibriados
Dithmenos
Elyvilon
Fedhas
Gozag
Hepliaklqana
Kikubaaqudgha
Makhleb
Nemelex Xobeh
Okawaru
Qazlal
Ru
Sif Muna
Trog
Uskayaw
Vehumet
Wu Jian
Xom
Yredelemnul
Zin
The Shining One

Shops:
D:2 !   Orc:1 *


Innate Abilities, Weirdness & Mutations

You are too large for most types of armour.
You have claws for hands.
Your natural rate of healing is unusually fast.
You are covered in fur. (AC +1)
You have tough skin. (AC +1)


Message History

The death yak gores you but does no damage.
The yak barely misses you.
You closely miss the yak.
The yak is almost dead.
The death yak barely misses you.
You scratch the death yak.
The death yak is lightly wounded.
The death yak gores you. The death yak barely misses you.
The death yak gores you! The death yak gores you.
The death yak attacks as you move away! The death yak gores you.
The death yak attacks as you move away! The death yak misses you.
The death yak attacks as you move away! The death yak gores you!
The death yak gores you but does no damage.
The death yak gores you! The yak completely misses you.
You see here a water moccasin skeleton.
The death yak attacks as you move away! The death yak closely misses you. x2
The yak barely misses you.
There is a stone staircase leading up, spattered with blood here.
The death yak gores you!! The death yak gores you.
You climb upwards.
There is a stone staircase leading down here.
You mangle the death yak!!
The death yak is moderately wounded.
The death yak gores you but does no damage.
The death yak gores you! x2; The yak gores you.
* * * LOW HITPOINT WARNING * * *
You scratch the death yak.
The death yak is moderately wounded.
You feel the effects of Trog's Hand fading.
The death yak gores you!
* * * LOW HITPOINT WARNING * * *
The death yak gores you.
* * * LOW HITPOINT WARNING * * *
The death yak gores you!!
* * * LOW HITPOINT WARNING * * *
The yak gores you but does no damage.
You scratch the death yak.
The death yak is moderately wounded.
The death yak closely misses you. The death yak gores you!
You die...

### ### ####.##### #
#######.##### #....#...## ##
##.....P..P#.####........#
.###..............#........###
.P##...............#.......#.#
.###.........................##
...............Y@..PP.......#.#
....^P.........YYY..........###
.#.##..................)....#
..###................#..##..#
..# ##.............#.#......#
#.# #......##....###.....P.##
### #####.#.#...#.###......##
.#### ####...#### ##......###
#.#.# #...+P..# ###.........#


You could see 3 death yaks and a yak.

Vanquished Creatures
  Erolcha (D:9)
  Harold (Orc:1)
  2 hydras (Lair:5)
  2 vault guards (Bailey)
  A catoblepas (Lair:4)
  2 two-headed ogres
  2 orc sorcerers
  18 elephants
  2 centaur zombies (D:7)
  13 cane toads
  2 black mambas
  2 torpor snails
  A redback zombie (D:7)
  A rime drake (Lair:4)
  A komodo dragon (Lair:4)
  2 hellwings (D:7)
  The ghost of zeratav the Shooter, an amateur DgHu (D:4)
  Prince Ribbit (Bailey)
  A harpy skeleton (D:7)
  17 blink frogs
  2 hornets
  3 slime creatures (Lair:6)
  A meliai zombie (D:7)
  9 dream sheep
  Sigmund (D:3)
  2 shadows
  A vampire (D:9)
  2 basilisks
  6 humans (Bailey)
  3 wyverns
  64 yaks
  A steam dragon (D:8)
  16 water moccasins
  10 orc warriors
  7 black bears
  3 ice beasts
  4 ogres
  2 centaurs
  2 phantoms (D:5)
  26 bullfrogs
  4 kobold brigands
  3 scorpions
  38 killer bees
  2 electric eels (Lair:3)
  3 howler monkeys (D:10)
  6 hounds
  12 orc priests
  2 jellies
  4 iguanas
  9 orc wizards
  5 hell rats (Lair:1)
  7 gnolls
  7 adders
  5 shadow imps (D:7)
  A white imp (D:7)
  An ufetubus (D:2)
  3 worms
  4 dart slugs
  59 orcs
  6 endoplasms
  3 giant cockroaches
  10 hobgoblins
  29 kobolds
  5 quokkas
  3 ball pythons
  4 bats
  2 frilled lizards (D:2)
  11 goblins
  3 rats
489 creatures vanquished.

Vanquished Creatures (others)
  55 fungi
  42 plants
  8 withered plants (D:7)
105 creatures vanquished.

Grand Total: 594 creatures vanquished

Notes
Turn   | Place    | Note
-------+----------+-------------------------------------------
     0 | D:1      | kevlar127 the Troll Berserker began the quest for the Orb.
     0 | D:1      | Reached XP level 1. HP: 22/22 MP: 0/0
   303 | D:1      | Reached XP level 2. HP: 22/29 MP: 1/1
   470 | D:2      | Found Lafadul's Distillery.
   486 | D:2      | Bought a potion of curing for 36 gold pieces
   607 | D:2      | Identified the +1 robe of Paranoia {Dex+6}
   990 | D:2      | Reached XP level 3. HP: 36/36 MP: 2/2
  1126 | D:2      | Reached ** piety under Trog
  1377 | D:3      | Reached XP level 4. HP: 45/45 MP: 3/3
  1390 | D:3      | Noticed a +0 falchion
  1390 | D:3      | Noticed a +0 dagger
  1390 | D:3      | Noticed a +0 dagger
  1391 | D:3      | Noticed a +0 falchion
  1391 | D:3      | Noticed a +0 short sword
  1391 | D:3      | Noticed a +0 short sword
  1391 | D:3      | Noticed a +0 spear
  1396 | D:3      | Noticed a +0 spear
  1410 | D:3      | Found a hide-covered altar of Uskayaw.
  1458 | D:3      | Found a faded altar of an unknown god.
  1464 | D:3      | Noticed a scorpion
  1469 | D:3      | Killed a scorpion
  1470 | D:3      | Reached skill level 1 in Throwing
  1470 | D:3      | Reached skill level 4 in Unarmed Combat
  1500 | D:3      | Reached XP level 5. HP: 48/53 MP: 4/4
  1596 | D:3      | Noticed Sigmund
  1607 | D:3      | Killed Sigmund
  1608 | D:3      | Reached XP level 6. HP: 44/62 MP: 5/5
  1670 | D:3      | Found an iron altar of Okawaru.
  1958 | D:4      | Found a runed translucent gate.
  1959 | D:4      | Found a runed translucent gate.
  1959 | D:4      | Noticed zeratav's ghost (amateur DgHu)
  1960 | D:4      | Found a runed translucent gate.
  1963 | D:4      | Identified the +11 falchion of Coduus {venom, MP-9 Int+4
                  | SInv}
  2029 | D:4      | Noticed a yak
  2029 | D:4      | Noticed a yak
  2029 | D:4      | Noticed a yak
  2047 | D:4      | Killed a yak
  2048 | D:4      | Reached skill level 5 in Unarmed Combat
  2048 | D:4      | Reached XP level 7. HP: 33/70 MP: 6/6
  2056 | D:4      | Killed a yak
  2067 | D:4      | Killed a yak
  2382 | D:4      | Reached *** piety under Trog
  3039 | D:4      | Reached XP level 8. HP: 79/79 MP: 7/7
  3142 | D:4      | Killed zeratav's ghost
  3143 | D:4      | Reached skill level 5 in Fighting
  3143 | D:4      | Reached skill level 6 in Unarmed Combat
  3400 | D:5      | Entered Level 5 of the Dungeon
  3812 | D:5      | Found a shimmering blue altar of Sif Muna.
  4713 | D:6      | Reached skill level 1 in Evocations
  4801 | D:6      | Found a white marble altar of Elyvilon.
  4971 | D:6      | Reached XP level 9. HP: 81/88 MP: 8/8
  4981 | D:6      | Identified the +7 spear "Itaoqodgh" {speed, rC- rCorr
                  | Int+2}
  5037 | D:6      | Found a staircase to the Ecumenical Temple.
  5123 | D:6      | Reached skill level 5 in Throwing
  5123 | D:6      | Reached skill level 5 in Dodging
  5628 | D:7      | Reached skill level 7 in Unarmed Combat
  5690 | D:7      | Reached **** piety under Trog
  5751 | D:7      | Noticed a hellwing
  5775 | D:7      | Killed a hellwing
  5939 | D:7      | Noticed a hellwing
  5955 | D:7      | Killed a hellwing
  5965 | D:7      | Reached skill level 8 in Unarmed Combat
  6125 | D:7      | Found a flagged portal.
  6142 | Bailey   | Entered a bailey
  6158 | Bailey   | Reached XP level 10. HP: 96/102 MP: 9/9
  6519 | Bailey   | Noticed Prince Ribbit
  6533 | Bailey   | Killed Prince Ribbit
  6534 | Bailey   | Reached skill level 9 in Unarmed Combat
  6571 | Bailey   | Noticed a vault guard
  6581 | Bailey   | Killed a vault guard
  6617 | Bailey   | Noticed a vault guard
  6629 | Bailey   | Killed a vault guard
  7105 | D:7      | Reached XP level 11. HP: 104/111 MP: 10/10
  7329 | D:7      | Reached skill level 10 in Unarmed Combat
  8122 | Temple   | Entered the Ecumenical Temple
  8422 | D:8      | Found a broken altar of Ashenzari.
  8695 | D:8      | Found a staircase to the Lair.
  9626 | D:9      | Found a staircase to the Orcish Mines.
  9936 | D:9      | Found an ancient bone altar of Kikubaaqudgha.
 10591 | Orc:1    | Entered Level 1 of the Orcish Mines
 10601 | D:9      | Reached skill level 5 in Evocations
 10641 | Orc:1    | Noticed Harold
 10649 | Orc:1    | Noticed an orc sorcerer
 10942 | D:9      | Killed an orc sorcerer
 11387 | Orc:1    | Killed Harold
 11646 | Orc:1    | Noticed an orc sorcerer
 11659 | Orc:1    | Killed an orc sorcerer
 11660 | Orc:1    | Reached skill level 11 in Unarmed Combat
 11792 | Orc:1    | Found Jappy's Assorted Antiques.
 11979 | Orc:2    | Entered Level 2 of the Orcish Mines
 12101 | Orc:2    | Noticed a two-headed ogre
 12129 | Orc:2    | Killed a two-headed ogre
 12199 | Orc:2    | Found a burning altar of Makhleb.
 12738 | D:10     | Entered Level 10 of the Dungeon
 12738 | D:10     | Noticed Erolcha
 12746 | D:9      | Killed Erolcha
 13074 | D:10     | Reached XP level 12. HP: 124/124 MP: 11/11
 13151 | D:10     | Found a shadowy altar of Dithmenos.
 13270 | D:10     | Identified the +2 quarterstaff "Fuff" {freeze, rC- Str+7}
 13772 | D:2      | Bought a potion of lignification for 36 gold pieces
 13772 | D:2      | Bought a potion of haste for 120 gold pieces
 14082 | D:10     | Noticed a two-headed ogre
 14097 | D:10     | Killed a two-headed ogre
 14644 | Orc:2    | Found a staircase to the Elven Halls.
 16207 | Lair:1   | Entered Level 1 of the Lair of Beasts
 16223 | D:8      | Reached skill level 10 in Fighting
 16762 | Lair:1   | Reached skill level 12 in Unarmed Combat
 17518 | Lair:2   | Reached skill level 1 in Armour
 17577 | Lair:2   | Reached ***** piety under Trog
 19126 | Lair:3   | Reached XP level 13. HP: 131/135 MP: 12/12
 19440 | Lair:3   | Found a staircase to the Swamp.
 22012 | Lair:4   | Reached skill level 10 in Throwing
 22018 | Lair:4   | Reached skill level 13 in Unarmed Combat
 22325 | Lair:4   | Found a staircase to the Snake Pit.
 23441 | Lair:5   | Received a gift from Trog
 24461 | Lair:6   | Entered Level 6 of the Lair of Beasts
 25097 | Lair:6   | Reached XP level 14. HP: 88/148 MP: 13/13
 25101 | Lair:6   | Found a staircase to the Slime Pits.
 25403 | Lair:5   | HP: 2/148 [death yak (20)]
 25404 | Lair:5   | Mangled by a death yak

Illustrated notes

Levels and vault maps discovered:
D:1:      dpeg_arrival_long_road, layout_rooms
D:2:      layout_basic, serial_shops, nicolae_shop_hallway_plus
D:3:      layout_rooms, nicolae_uskayaw_en_pointe, okawaru_gym_becter,
          ebering_ecumenical_altar_box, st_stairs_13, uniq_sigmund
D:4:      layout_loops_ring, gammafunk_ghost_nasty_kobolds, minmay_puff
D:5:      layout_layer_cave, general_overflow_altar
D:6:      minmay_general_purpose_star, layout_loops_corners, elyvilon_altar_5,
          minmay_temple_entry_purple_smoke
D:7:      cheibrodos_grave_circle, layout_layer_cave,
          lightli_bailey_entry_fortress
D:8:      layout_basic, kennysheep_little_box, due_lair_maze_entry_diamond,
          chequers_serial_rivers_room_b, grunt_decor_resistance
D:9:      layout_gridville, mainiacjoe_overflow_brackets, orc_0_dummy,
          minmay_misc_feat_secret_circle
D:10:     layout_irregular_city, nicolae_dithmenos_shadow_blocks, uniq_erolcha
Temple:   regret_index_temple_waves
Lair:1:   wander_river, layout_regular_city
Lair:2:   layout_roguey, lemuel_another_geyser, lemuel_fruit_tree
Lair:3:   layout_gridlike, minmay_swamp_entry_eels, minivault_23,
          infiniplex_staircase_pool, serial_bayou_shore_b
Lair:4:   wad_woods_minihive, layout_regular_city, dummy_snake_entry
Lair:5:   layout_roguey, st_stairs_4
Lair:6:   evil_forest, layout_big_grid, minmay_slime_entry_pillars
Orc:1:    layout_caves, serial_shops, nicolae_shop_overgrown_old_shop,
          uniq_harold, uniq_josephine
Orc:2:    grunt_orc_cross, layout_caves, basic_altar

Skill      XL: |  1  2  3  4  5  6  7  8  9 10 11 12 13 |
---------------+----------------------------------------+-----
Dodging        | 3 4 5 6 |  6.0
Fighting       | 3 4 5 7 8 9 10 11 | 11.8
Throwing       | 1 2 3 4 5 7 8 9 11 | 11.1
Unarmed Combat | 4 5 6 8 9 11 12 13 | 13.9
Evocations     | 1 3 4 5 |  5.4
Armour         | 2 3 |  3.0

Action                   |  1- 3 |  4- 6 |  7- 9 | 10-12 | 13-15 || total
-------------------------+-------+-------+-------+-------+-------++-------
Melee: Unarmed           |    61 |    72 |   291 |   549 |   354 ||  1327
       Punch             |     1 |       |     9 |    40 |    26 ||    76
Throw: Boomerang         |       |       |       |   228 |    64 ||   292
       Javelin           |       |       |       |       |    13 ||    13
       Large rock        |       |       |       |       |     3 ||     3
Invok: Trog's Hand       |       |     1 |     2 |    10 |    12 ||    25
       Berserk           |       |       |     3 |     6 |     7 ||    16
Evoke: Wand              |       |       |       |       |     8 ||     8
  Use: Scroll            |       |       |       |    11 |     3 ||    14
 Stab: Sleeping          |     2 |     3 |       |       |     1 ||     6
Armor: Animal skin       |    13 |       |       |       |       ||    13
       Robe              |     1 |    24 |   113 |   150 |   170 ||   458
Dodge: Dodged            |    25 |    45 |   183 |   418 |   458 ||  1129

Table legend: (Time is in decaauts)
 A = Elapsed time spent in this place.
 B = Non-inter-level travel time spent in this place.
 C = Inter-level travel time spent in this place.
 D = Time resting spent in this place.
 E = Time spent auto-exploring this place.
 F = Levels seen in this place.
 G = Mean time per level.
                   A        B        C        D        E       F      G
               +--------+--------+--------+--------+--------+-----+--------+
         Total |  25361 |  23628 |   1733 |   8681 |  10647 |  20 | 1268.1 |
       Dungeon |  12421 |  11162 |   1259 |   2335 |   6963 |  10 | 1242.1 |
        Temple |    142 |     73 |     69 |      0 |     57 |   1 |  142.0 |
          Lair |   9136 |   8933 |    203 |   4288 |   3050 |   6 | 1522.7 |
  Orcish Mines |   2994 |   2792 |    202 |   1711 |    457 |   2 | 1497.0 |
        Bailey |    666 |    666 |      0 |    346 |    120 |   1 |  666.0 |
               +--------+--------+--------+--------+--------+-----+--------+

Top non-repeatable levels by time:
     D:9: 2519 daAuts
  Lair:5: 2385 daAuts
  Lair:4: 2072 daAuts
  Lair:3: 2019 daAuts
     D:7: 1778 daAuts
   Orc:2: 1667 daAuts
     D:4: 1614 daAuts
  Lair:2: 1516 daAuts
     D:5: 1419 daAuts
   Orc:1: 1327 daAuts
     D:6: 1102 daAuts
    D:10: 1061 daAuts
  Lair:1: 1061 daAuts
     D:2: 953 daAuts
     D:8: 933 daAuts
